[ AOE2 MATCH · #475927017 ]
Team RMPersians vs Vietnamese
[ REPLAY ANALYSIS · EXTRACTED FROM THE RECORDED GAME ]
Feudal
12:33
Castle
16:14
Imperial
29:02
| APM avg | 26.5 |
| APM peak | 78 |
| eAPM avg | 14.2 |
| Villagers / military | 174 / 124 |
Focus
⚔️ 15.8% · 🌾 84.2%
Knight ×123 · Monk ×1
Feudal
11:13
Castle
19:46
Imperial
32:56
| APM avg | 22.3 |
| APM peak | 84 |
| eAPM avg | 12.8 |
| Villagers / military | 151 / 119 |
Focus
⚔️ 31.7% · 🌾 68.3%
Militia ×80 · Scorpion ×22 · Battering Ram ×15 · Mangonel ×1 · Monk ×1
Feudal
11:15
Castle
18:12
Imperial
34:23
| APM avg | 17.6 |
| APM peak | 56 |
| eAPM avg | 11.6 |
| Villagers / military | 129 / 99 |
Focus
⚔️ 23.2% · 🌾 76.8%
Militia ×56 · Spearman ×31 · Skirmisher ×10 · Monk ×1 · Trebuchet (Packed) ×1
Feudal
9:52
Castle
20:25
Imperial
36:10
| APM avg | 23.7 |
| APM peak | 62 |
| eAPM avg | 14.8 |
| Villagers / military | 96 / 132 |
Focus
⚔️ 36.1% · 🌾 63.9%
Rattan Archer ×76 · Fire Lancer ×43 · Bombard Cannon ×7 · Spearman ×3 · Monk ×3
Feudal
13:29
Castle
17:05
Imperial
31:59
| APM avg | 15.0 |
| APM peak | 29 |
| eAPM avg | 10.1 |
| Villagers / military | 125 / 151 |
Focus
⚔️ 19.2% · 🌾 80.8%
Longbowman ×106 · Spearman ×40 · Trebuchet (Packed) ×5
Feudal
10:05
Castle
16:46
Imperial
32:09
| APM avg | 16.4 |
| APM peak | 37 |
| eAPM avg | 12.7 |
| Villagers / military | 122 / 247 |
Focus
⚔️ 28.0% · 🌾 72.0%
Militia ×135 · Spearman ×63 · Skirmisher ×35 · Konnik ×9 · Trade Cart ×5 · Mangonel ×4
Match map
Resources at game start + every placement click. Thick line = wall · dashed box = detected house wall. 🟡 gold · ⚪ stone · 🟢 berries · 🔶 boar · ⭕ relic
Your base· Open — unwalled flank
Cwark San's base· Open — unwalled flank
QuickCast's base· Open — unwalled flank
CryiingBB's base· Open — unwalled flank
Bestia del Congo's base· Open — unwalled flank
OUASO's base· Open — unwalled flank
Elevation-shaded terrain · ⚠ = detected wall gap · hover for details
Inputs per minute
— Ebrio - - Cwark San
Build order — Ebrio
First 150 of 334 actions detected
| 0:02 | Create | Villager (Male) |
| 0:04 | Research | Loom |
| 0:11 | Build | House |
| 0:13 | Build | House |
| 0:53 | Create | Villager (Male) ×4 |
| 0:53 | Create | Villager (Male) ×4 |
| 2:17 | Create | Villager (Male) |
| 2:34 | Build | Lumber Camp |
| 2:40 | Create | Villager (Male) |
| 2:41 | Create | Villager (Male) |
| 3:09 | Create | Villager (Male) |
| 3:10 | Create | Villager (Male) |
| 3:35 | Create | Villager (Male) |
| 3:35 | Create | Villager (Male) |
| 3:47 | Build | House |
| 3:56 | Create | Villager (Male) |
| 3:56 | Create | Villager (Male) |
| 4:16 | Build | Mill |
| 4:33 | Build | House |
| 4:35 | Build | House |
| 4:43 | Create | Villager (Male) |
| 4:44 | Create | Villager (Male) |
| 5:02 | Create | Villager (Male) |
| 5:24 | Create | Villager (Male) |
| 6:07 | Create | Villager (Male) |
| 6:07 | Create | Villager (Male) |
| 6:19 | Create | Villager (Male) |
| 6:20 | Create | Villager (Male) |
| 6:43 | Create | Villager (Male) ×2 |
| 6:44 | Create | Villager (Male) ×2 |
| 7:07 | Create | Villager (Male) |
| 7:08 | Create | Villager (Male) |
| 7:50 | Create | Villager (Male) ×2 |
| 8:21 | Build | Farm |
| 8:26 | Create | Villager (Male) |
| 8:27 | Create | Villager (Male) |
| 8:34 | Build | Farm |
| 8:43 | Build | Farm |
| 8:52 | Build | Farm |
| 8:59 | Build | Farm |
| 9:23 | Build | Farm |
| 9:35 | Create | Villager (Male) |
| 9:35 | Create | Villager (Male) |
| 9:51 | Build | Mining Camp |
| 9:56 | Research | Feudal Age |
| 10:00 | Build | Farm |
| 10:17 | Build | Farm |
| 10:51 | Create | Villager (Male) |
| 10:51 | Create | Villager (Male) |
| 12:33 | Age | Feudal Age |
| 12:39 | Build | Market |
| 12:51 | Build | Blacksmith |
| 13:04 | Build | Mining Camp |
| 13:49 | Research | Castle Age |
| 13:57 | Build | House |
| 14:04 | Research | Double-Bit Axe |
| 14:07 | Build | House |
| 14:08 | Build | House |
| 16:14 | Age | Castle Age |
| 16:19 | Build | Town Center |
| 16:25 | Research | Wheelbarrow |
| 16:28 | Research | Bow Saw |
| 16:43 | Build | Town Center |
| 17:21 | Create | Villager (Male) |
| 17:22 | Create | Villager (Male) |
| 17:27 | Research | Horse Collar |
| 17:51 | Create | Villager (Male) |
| 17:51 | Create | Villager (Male) |
| 18:09 | Build | Farm |
| 18:10 | Build | Farm |
| 18:11 | Build | Farm |
| 18:13 | Build | Farm |
| 18:23 | Build | Farm |
| 18:31 | Create | Villager (Male) |
| 18:32 | Create | Villager (Male) |
| 18:37 | Create | Villager (Male) |
| 18:37 | Create | Villager (Male) |
| 19:02 | Create | Villager (Male) |
| 19:07 | Create | Villager (Male) |
| 19:13 | Build | Farm |
| 19:19 | Build | Farm |
| 19:23 | Create | Villager (Male) |
| 19:25 | Create | Villager (Male) |
| 19:25 | Create | Villager (Male) |
| 19:38 | Create | Villager (Male) |
| 19:38 | Create | Villager (Male) |
| 19:50 | Create | Villager (Male) |
| 19:52 | Create | Villager (Male) |
| 19:59 | Build | Farm |
| 20:01 | Build | Farm |
| 20:02 | Build | Farm |
| 20:07 | Build | Farm |
| 20:08 | Build | Farm |
| 20:13 | Build | Farm |
| 20:16 | Create | Villager (Male) |
| 20:16 | Create | Villager (Male) |
| 20:17 | Create | Villager (Male) |
| 20:17 | Create | Villager (Male) |
| 20:17 | Create | Villager (Male) |
| 20:33 | Build | Town Center |
| 20:36 | Create | Villager (Male) |
| 20:36 | Create | Villager (Male) |
| 20:36 | Create | Villager (Male) |
| 20:37 | Create | Villager (Male) |
| 20:46 | Build | House |
| 20:48 | Build | House |
| 20:53 | Create | Villager (Male) |
| 20:54 | Create | Villager (Male) |
| 20:54 | Create | Villager (Male) |
| 21:02 | Build | Farm |
| 21:05 | Build | Farm |
| 21:10 | Build | Farm |
| 21:19 | Build | Farm |
| 21:20 | Build | Farm |
| 21:21 | Create | Villager (Male) |
| 21:22 | Create | Villager (Male) |
| 21:22 | Create | Villager (Male) |
| 21:22 | Create | Villager (Male) |
| 21:23 | Create | Villager (Male) |
| 21:23 | Create | Villager (Male) |
| 21:38 | Build | Farm |
| 21:39 | Build | Farm |
| 21:41 | Build | Farm |
| 21:42 | Create | Villager (Male) |
| 21:43 | Create | Villager (Male) |
| 21:43 | Create | Villager (Male) |
| 21:43 | Create | Villager (Male) |
| 21:44 | Create | Villager (Male) |
| 22:01 | Create | Villager (Male) |
| 22:02 | Create | Villager (Male) |
| 22:02 | Create | Villager (Male) |
| 22:11 | Build | Farm |
| 22:17 | Build | Farm |
| 22:22 | Build | Farm |
| 22:25 | Build | Farm |
| 22:26 | Create | Villager (Male) |
| 22:27 | Create | Villager (Male) |
| 22:27 | Create | Villager (Male) |
| 22:27 | Create | Villager (Male) |
| 22:28 | Create | Villager (Male) |
| 22:28 | Create | Villager (Male) |
| 22:39 | Build | House |
| 22:40 | Build | House |
| 22:41 | Build | House |
| 22:44 | Create | Villager (Male) |
| 22:44 | Create | Villager (Male) |
| 22:45 | Create | Villager (Male) |
| 22:45 | Create | Villager (Male) |
| 22:51 | Build | Farm |
| 22:53 | Build | Farm |
Build order — Cwark San
First 150 of 292 actions detected
| 0:01 | Research | Loom |
| 0:02 | Create | Villager (Male) ×4 |
| 0:17 | Build | House |
| 0:25 | Build | House |
| 2:00 | Create | Villager (Male) |
| 2:00 | Create | Villager (Male) |
| 2:18 | Build | Lumber Camp |
| 2:25 | Build | Lumber Camp |
| 2:27 | Create | Villager (Male) |
| 2:27 | Create | Villager (Male) |
| 2:43 | Create | Villager (Male) |
| 2:43 | Create | Villager (Male) |
| 3:25 | Create | Villager (Male) ×2 |
| 3:25 | Create | Villager (Male) ×2 |
| 4:08 | Create | Villager (Male) |
| 4:08 | Create | Villager (Male) |
| 4:09 | Create | Villager (Male) |
| 4:15 | Build | House |
| 4:59 | Build | House |
| 5:03 | Create | Villager (Male) |
| 5:03 | Create | Villager (Male) |
| 5:43 | Create | Villager (Male) ×4 |
| 5:55 | Create | Villager (Male) |
| 5:55 | Create | Villager (Male) |
| 6:19 | Create | Villager (Male) ×2 |
| 6:20 | Create | Villager (Male) ×2 |
| 6:58 | Build | Mill |
| 7:02 | Build | House |
| 7:03 | Build | House |
| 8:06 | Create | Villager (Male) |
| 8:30 | Build | Mining Camp |
| 8:50 | Research | Feudal Age |
| 9:25 | Build | Farm |
| 9:27 | Build | Farm |
| 9:30 | Build | Farm |
| 9:35 | Build | Farm |
| 9:40 | Build | Farm |
| 9:52 | Create | Villager (Male) |
| 9:52 | Create | Villager (Male) |
| 9:52 | Create | Villager (Male) |
| 10:00 | Build | House |
| 10:02 | Build | House |
| 11:12 | Build | Barracks |
| 11:13 | Age | Feudal Age |
| 11:17 | Research | Horse Collar |
| 11:18 | Research | Double-Bit Axe |
| 11:24 | Build | Farm |
| 11:25 | Build | Farm |
| 11:31 | Build | Farm |
| 11:50 | Build | Farm |
| 11:58 | Create | Villager (Male) |
| 11:59 | Create | Villager (Male) |
| 11:59 | Create | Villager (Male) |
| 12:28 | Build | Blacksmith |
| 12:38 | Build | Farm |
| 12:54 | Create | Villager (Male) |
| 12:55 | Create | Villager (Male) |
| 12:58 | Create | Villager (Male) |
| 13:02 | Build | Farm |
| 13:17 | Build | Market |
| 14:09 | Build | Farm |
| 14:10 | Build | Farm |
| 14:28 | Build | Farm |
| 14:54 | Create | Villager (Male) |
| 14:56 | Create | Villager (Male) |
| 15:01 | Build | Mining Camp |
| 15:51 | Research | Wheelbarrow |
| 16:08 | Build | House |
| 16:11 | Build | House |
| 16:15 | Build | House |
| 16:29 | Research | Castle Age |
| 16:43 | Build | Barracks |
| 16:54 | Create | Villager (Male) |
| 16:57 | Create | Villager (Male) |
| 17:07 | Research | Stone Mining |
| 17:37 | Create | Villager (Male) |
| 17:41 | Research | Gold Mining |
| 18:03 | Research | Forging |
| 18:48 | Research | Scale Mail Armor |
| 18:51 | Research | Fletching |
| 19:46 | Age | Castle Age |
| 19:52 | Build | Town Center |
| 19:56 | Build | Town Center |
| 20:12 | Build | Town Center |
| 20:22 | Build | Town Center |
| 20:33 | Create | Villager (Male) |
| 20:33 | Create | Villager (Male) |
| 20:33 | Create | Villager (Male) |
| 20:36 | Create | Villager (Male) |
| 20:37 | Create | Villager (Male) |
| 20:37 | Create | Villager (Male) |
| 20:37 | Create | Villager (Male) |
| 20:37 | Create | Villager (Male) |
| 21:11 | Research | Heavy Plow |
| 21:23 | Create | Villager (Male) |
| 21:23 | Create | Villager (Male) |
| 21:24 | Create | Villager (Male) |
| 21:25 | Create | Villager (Male) |
| 21:57 | Create | Villager (Male) |
| 21:57 | Create | Villager (Male) |
| 21:57 | Create | Villager (Male) |
| 22:00 | Create | Villager (Male) |
| 22:00 | Create | Villager (Male) |
| 22:11 | Create | Villager (Male) |
| 22:11 | Create | Villager (Male) |
| 22:33 | Build | Siege Workshop |
| 22:41 | Research | Bow Saw |
| 22:43 | Create | Villager (Male) |
| 22:43 | Create | Villager (Male) |
| 22:59 | Build | Farm |
| 23:06 | Create | Villager (Male) ×3 |
| 23:06 | Create | Villager (Male) ×3 |
| 23:13 | Build | Farm |
| 23:14 | Build | Farm |
| 23:15 | Build | Farm |
| 23:17 | Build | Farm |
| 23:28 | Build | Farm |
| 23:31 | Build | Farm |
| 23:34 | Build | Farm |
| 23:36 | Create | Villager (Male) ×4 |
| 23:36 | Create | Villager (Male) ×4 |
| 23:45 | Build | Farm |
| 23:48 | Build | Farm |
| 23:51 | Build | Farm |
| 23:54 | Build | Farm |
| 23:56 | Build | Farm |
| 23:59 | Build | Farm |
| 24:01 | Create | Villager (Male) ×2 |
| 24:01 | Create | Villager (Male) ×2 |
| 24:05 | Create | Villager (Male) |
| 24:05 | Create | Villager (Male) |
| 24:11 | Build | Farm |
| 24:13 | Build | Farm |
| 24:16 | Build | Farm |
| 24:21 | Build | Farm |
| 24:23 | Create | Villager (Male) ×2 |
| 24:23 | Create | Villager (Male) ×2 |
| 24:24 | Create | Villager (Male) |
| 24:25 | Create | Villager (Male) |
| 24:29 | Build | Farm |
| 24:32 | Build | Farm |
| 24:38 | Build | Farm |
| 24:40 | Create | Villager (Male) ×3 |
| 24:40 | Create | Villager (Male) ×3 |
| 24:44 | Build | Farm |
| 24:49 | Create | Villager (Male) ×2 |
| 24:49 | Create | Villager (Male) ×2 |
| 24:56 | Build | Farm |
| 24:58 | Create | Villager (Male) ×2 |
| 24:58 | Create | Villager (Male) ×3 |
Build order — QuickCast
First 150 of 313 actions detected
| 0:03 | Build | House |
| 0:04 | Build | House |
| 0:05 | Create | Villager (Male) |
| 0:05 | Create | Villager (Male) |
| 0:05 | Create | Villager (Male) |
| 0:05 | Create | Villager (Male) |
| 0:06 | Create | Villager (Male) |
| 1:19 | Create | Villager (Male) |
| 2:01 | Create | Villager (Male) |
| 2:30 | Create | Villager (Male) |
| 2:30 | Create | Villager (Male) |
| 2:40 | Build | Lumber Camp |
| 2:53 | Create | Villager (Male) |
| 3:00 | Create | Villager (Male) |
| 3:06 | Build | House |
| 3:46 | Create | Villager (Male) |
| 3:46 | Create | Villager (Male) |
| 4:10 | Create | Villager (Male) |
| 4:10 | Create | Villager (Male) |
| 4:41 | Create | Villager (Male) |
| 5:19 | Create | Villager (Male) |
| 5:19 | Create | Villager (Male) |
| 5:19 | Create | Villager (Male) |
| 5:19 | Create | Villager (Male) |
| 5:39 | Build | Mill |
| 6:04 | Build | House |
| 6:10 | Create | Villager (Male) |
| 6:11 | Create | Villager (Male) |
| 7:01 | Build | House |
| 7:08 | Create | Villager (Male) |
| 7:12 | Create | Villager (Male) |
| 7:12 | Create | Villager (Male) |
| 7:12 | Create | Villager (Male) |
| 7:12 | Create | Villager (Male) |
| 7:22 | Create | Villager (Male) |
| 7:44 | Create | Villager (Male) |
| 8:01 | Build | Farm |
| 8:06 | Build | Farm |
| 8:10 | Create | Villager (Male) |
| 8:25 | Build | Farm |
| 8:40 | Create | Villager (Male) |
| 9:04 | Research | Feudal Age |
| 9:16 | Build | Mining Camp |
| 9:20 | Create | Villager (Male) |
| 9:33 | Build | Farm |
| 9:38 | Build | Farm |
| 9:45 | Create | Villager (Male) |
| 9:47 | Create | Villager (Male) |
| 10:16 | Build | Farm |
| 10:26 | Build | House |
| 10:47 | Build | Barracks |
| 11:04 | Create | Villager (Male) |
| 11:04 | Create | Villager (Male) |
| 11:14 | Build | Farm |
| 11:15 | Age | Feudal Age |
| 11:20 | Research | Double-Bit Axe |
| 11:54 | Build | Farm |
| 12:25 | Research | Wheelbarrow |
| 12:27 | Create | Villager (Male) |
| 12:27 | Create | Villager (Male) |
| 12:36 | Build | Farm |
| 12:52 | Create | Villager (Male) |
| 12:59 | Build | House |
| 13:16 | Build | Farm |
| 13:27 | Build | Farm |
| 14:08 | Build | Blacksmith |
| 14:31 | Create | Villager (Male) |
| 14:31 | Create | Villager (Male) |
| 14:50 | Build | Archery Range |
| 15:01 | Build | Farm |
| 15:15 | Create | Villager (Male) |
| 15:21 | Build | House |
| 15:30 | Research | Castle Age |
| 15:32 | Create | Villager (Male) |
| 15:34 | Create | Villager (Male) |
| 15:48 | Build | Barracks |
| 16:00 | Research | Horse Collar |
| 16:06 | Research | Gold Mining |
| 16:43 | Build | House |
| 16:56 | Build | House |
| 17:09 | Create | Militia |
| 17:10 | Create | Militia |
| 17:14 | Create | Militia |
| 17:15 | Create | Militia |
| 17:25 | Build | Farm |
| 17:37 | Build | Farm |
| 17:42 | Create | Militia |
| 17:43 | Create | Militia |
| 17:49 | Build | House |
| 18:02 | Create | Villager (Male) |
| 18:03 | Create | Villager (Male) |
| 18:04 | Create | Villager (Male) |
| 18:05 | Create | Militia |
| 18:06 | Create | Militia |
| 18:12 | Age | Castle Age |
| 18:37 | Research | Bow Saw |
| 18:45 | Create | Militia |
| 18:46 | Create | Militia |
| 18:55 | Build | Farm |
| 18:58 | Build | Farm |
| 19:43 | Create | Villager (Male) |
| 19:45 | Create | Villager (Male) |
| 19:46 | Create | Villager (Male) |
| 19:46 | Create | Villager (Male) |
| 20:01 | Build | Town Center |
| 20:33 | Create | Villager (Male) |
| 20:35 | Create | Militia |
| 20:36 | Create | Militia |
| 20:37 | Create | Militia |
| 20:38 | Create | Militia |
| 20:47 | Research | Man-at-Arms (upgrade) |
| 21:05 | Build | Mining Camp |
| 21:19 | Create | Villager (Male) |
| 21:20 | Create | Villager (Male) |
| 21:23 | Create | Villager (Male) |
| 21:23 | Create | Villager (Male) |
| 21:23 | Create | Villager (Male) |
| 21:24 | Create | Villager (Male) |
| 21:25 | Create | Villager (Male) |
| 21:26 | Create | Villager (Male) |
| 21:41 | Build | House |
| 21:42 | Build | House |
| 21:44 | Build | House |
| 21:45 | Build | House |
| 21:57 | Research | Gold Shaft Mining |
| 22:01 | Research | Stone Mining |
| 22:15 | Build | Farm |
| 22:15 | Build | Farm |
| 22:22 | Create | Villager (Male) |
| 22:24 | Create | Villager (Male) |
| 22:56 | Create | Villager (Male) |
| 23:10 | Build | Monastery |
| 23:22 | Create | Villager (Male) |
| 23:24 | Create | Villager (Male) |
| 23:24 | Create | Villager (Male) |
| 23:25 | Create | Villager (Male) |
| 23:27 | Create | Villager (Male) |
| 23:29 | Create | Militia |
| 23:30 | Create | Militia |
| 23:37 | Research | Man-at-Arms (upgrade) |
| 23:49 | Build | House |
| 23:50 | Build | House |
| 23:51 | Build | House |
| 23:52 | Build | House |
| 24:07 | Build | Archery Range |
| 24:13 | Build | Barracks |
| 24:17 | Create | Villager (Male) |
| 24:17 | Create | Villager (Male) |
| 24:19 | Create | Villager (Male) |
| 24:20 | Create | Villager (Male) |
Build order — CryiingBB
First 150 of 353 actions detected
| 0:07 | Create | Villager (Male) |
| 0:10 | Build | House |
| 0:15 | Create | Villager (Male) |
| 0:34 | Create | Villager (Male) |
| 0:59 | Create | Villager (Male) |
| 1:38 | Create | Villager (Male) |
| 2:02 | Build | House |
| 2:04 | Create | Villager (Male) |
| 2:38 | Create | Villager (Male) |
| 3:10 | Create | Villager (Male) |
| 3:32 | Create | Villager (Male) |
| 3:52 | Create | Villager (Male) |
| 4:13 | Create | Villager (Male) |
| 4:39 | Build | House |
| 4:51 | Build | Mill |
| 4:55 | Create | Villager (Male) |
| 5:18 | Create | Villager (Male) |
| 5:34 | Create | Villager (Male) |
| 6:11 | Create | Villager (Male) |
| 6:42 | Create | Villager (Male) |
| 6:55 | Build | Lumber Camp |
| 7:04 | Create | Villager (Male) |
| 7:42 | Research | Feudal Age |
| 7:52 | Build | House |
| 8:47 | Build | Farm |
| 8:51 | Build | Farm |
| 8:58 | Build | Farm |
| 9:02 | Build | Farm |
| 9:05 | Build | Farm |
| 9:28 | Create | Villager (Male) |
| 9:52 | Age | Feudal Age |
| 9:53 | Create | Villager (Male) |
| 10:11 | Research | Horse Collar |
| 10:17 | Research | Wheelbarrow |
| 10:29 | Build | Farm |
| 10:37 | Create | Villager (Male) |
| 10:58 | Create | Villager (Male) |
| 11:02 | Research | Double-Bit Axe |
| 11:13 | Build | Farm |
| 11:36 | Build | Lumber Camp |
| 11:44 | Create | Villager (Male) |
| 11:57 | Build | Farm |
| 12:03 | Create | Villager (Male) |
| 12:38 | Build | House |
| 12:51 | Build | House |
| 12:57 | Build | Farm |
| 13:16 | Build | Barracks |
| 13:39 | Create | Villager (Male) |
| 13:47 | Create | Villager (Male) |
| 13:59 | Create | Villager (Male) |
| 14:06 | Build | Farm |
| 14:11 | Build | Farm |
| 14:16 | Build | Farm |
| 14:21 | Build | Farm |
| 15:14 | Build | Blacksmith |
| 15:21 | Create | Villager (Male) |
| 15:22 | Create | Villager (Male) |
| 15:59 | Build | Mining Camp |
| 16:13 | Create | Spearman |
| 16:37 | Build | Archery Range |
| 16:52 | Create | Villager (Male) |
| 16:52 | Create | Villager (Male) |
| 16:52 | Create | Villager (Male) |
| 16:54 | Create | Villager (Male) |
| 17:23 | Build | House |
| 17:27 | Build | House |
| 17:28 | Build | House |
| 17:28 | Build | House |
| 17:30 | Build | House |
| 17:43 | Research | Castle Age |
| 18:37 | Create | Villager (Male) |
| 18:45 | Create | Villager (Male) |
| 19:01 | Build | Mining Camp |
| 19:12 | Create | Villager (Male) |
| 20:25 | Age | Castle Age |
| 20:46 | Build | Town Center |
| 20:57 | Create | Villager (Male) |
| 21:00 | Create | Villager (Male) |
| 21:02 | Research | Heavy Plow |
| 21:04 | Research | Stone Mining |
| 21:29 | Build | Monastery |
| 21:45 | Create | Villager (Male) |
| 21:46 | Create | Villager (Male) |
| 22:09 | Create | Villager (Male) |
| 22:12 | Create | Villager (Male) |
| 22:18 | Create | Monk |
| 22:28 | Create | Monk |
| 22:31 | Create | Villager (Male) |
| 22:51 | Build | Siege Workshop |
| 23:01 | Build | Siege Workshop |
| 23:29 | Build | Monastery |
| 23:31 | Create | Monk |
| 23:33 | Create | Villager (Male) |
| 23:59 | Create | Villager (Male) |
| 24:15 | Create | Villager (Male) |
| 24:15 | Create | Villager (Male) |
| 24:16 | Create | Villager (Male) |
| 24:16 | Create | Villager (Male) |
| 24:20 | Research | Hand Cart |
| 24:23 | Research | Bow Saw |
| 24:26 | Research | Stone Shaft Mining |
| 24:27 | Research | Gold Mining |
| 25:11 | Create | Villager (Male) |
| 25:12 | Create | Villager (Male) |
| 25:13 | Create | Villager (Male) |
| 25:17 | Research | Fletching |
| 25:49 | Create | Villager (Male) |
| 25:49 | Create | Villager (Male) |
| 25:50 | Create | Villager (Male) |
| 26:13 | Build | Castle |
| 26:47 | Create | Villager (Male) |
| 26:48 | Create | Villager (Male) |
| 26:48 | Create | Villager (Male) |
| 26:48 | Create | Villager (Male) |
| 26:54 | Research | Pikeman (upgrade) |
| 26:54 | Research | Squires |
| 26:55 | Create | Villager (Male) |
| 26:56 | Create | Villager (Male) |
| 26:56 | Create | Villager (Male) |
| 26:59 | Create | Villager (Male) |
| 27:00 | Create | Villager (Male) |
| 27:00 | Create | Villager (Male) |
| 27:08 | Build | Farm |
| 27:13 | Build | Farm |
| 27:14 | Build | Farm |
| 27:16 | Build | Farm |
| 27:25 | Create | Villager (Male) |
| 27:25 | Create | Villager (Male) |
| 27:26 | Create | Villager (Male) |
| 27:30 | Create | Villager (Male) |
| 27:30 | Create | Villager (Male) |
| 27:30 | Create | Villager (Male) |
| 27:36 | Build | Farm |
| 27:37 | Build | Farm |
| 27:39 | Build | Farm |
| 27:41 | Build | Farm |
| 28:31 | Research | Bodkin Arrow |
| 28:32 | Research | Forging |
| 28:33 | Create | Villager (Male) |
| 28:33 | Create | Villager (Male) |
| 28:49 | Build | Lumber Camp |
| 28:57 | Create | Villager (Male) |
| 28:58 | Create | Villager (Male) |
| 28:58 | Create | Villager (Male) |
| 28:58 | Create | Villager (Male) |
| 29:10 | Build | Town Center |
| 29:49 | Create | Villager (Male) |
| 29:51 | Create | Villager (Male) |
| 29:52 | Create | Villager (Male) |
| 29:55 | Create | Spearman |
Build order — Bestia del Congo
First 150 of 273 actions detected
| 0:04 | Create | Villager (Male) ×4 |
| 0:06 | Build | House |
| 0:08 | Build | House |
| 0:25 | Build | House |
| 1:36 | Create | Villager (Male) |
| 1:37 | Create | Villager (Male) |
| 1:51 | Create | Villager (Male) |
| 1:51 | Create | Villager (Male) |
| 2:07 | Build | Lumber Camp |
| 2:13 | Create | Villager (Male) |
| 2:14 | Create | Villager (Male) |
| 2:29 | Create | Villager (Male) |
| 2:29 | Create | Villager (Male) |
| 2:39 | Build | House |
| 2:48 | Create | Villager (Male) |
| 3:03 | Research | Loom |
| 3:36 | Create | Villager (Male) |
| 3:37 | Create | Villager (Male) |
| 3:55 | Create | Villager (Male) |
| 3:56 | Create | Villager (Male) |
| 4:17 | Create | Villager (Male) |
| 4:17 | Create | Villager (Male) |
| 4:39 | Create | Villager (Male) |
| 4:39 | Create | Villager (Male) |
| 4:40 | Create | Villager (Male) |
| 5:13 | Create | Villager (Male) |
| 5:25 | Create | Villager (Male) |
| 5:25 | Create | Villager (Male) |
| 5:26 | Create | Villager (Male) |
| 5:35 | Build | Mill |
| 6:04 | Build | House |
| 6:23 | Create | Villager (Male) |
| 7:46 | Build | Lumber Camp |
| 7:52 | Create | Villager (Male) |
| 7:53 | Create | Villager (Male) |
| 8:34 | Build | Mining Camp |
| 8:45 | Create | Villager (Male) |
| 8:45 | Create | Villager (Male) |
| 9:22 | Create | Villager (Male) ×5 |
| 10:15 | Build | Mining Camp |
| 11:01 | Build | Farm |
| 11:05 | Research | Feudal Age |
| 11:13 | Build | Farm |
| 11:24 | Build | House |
| 11:27 | Build | House |
| 11:45 | Build | Farm |
| 11:48 | Build | Farm |
| 11:51 | Build | Farm |
| 12:14 | Build | Farm |
| 12:50 | Create | Villager (Male) |
| 12:51 | Create | Villager (Male) |
| 13:29 | Age | Feudal Age |
| 13:33 | Build | Market |
| 13:39 | Build | Blacksmith |
| 14:25 | Research | Castle Age |
| 14:48 | Research | Double-Bit Axe |
| 15:15 | Research | Horse Collar |
| 16:20 | Build | Farm |
| 16:22 | Build | Farm |
| 16:28 | Build | Farm |
| 16:35 | Build | Farm |
| 16:39 | Build | House |
| 16:41 | Build | House |
| 16:42 | Build | House |
| 16:44 | Build | House |
| 17:05 | Age | Castle Age |
| 17:07 | Research | Town Watch |
| 17:09 | Create | Villager (Male) ×5 |
| 17:18 | Build | Town Center |
| 18:04 | Build | Town Center |
| 18:29 | Research | Heavy Plow |
| 18:34 | Create | Villager (Male) |
| 18:46 | Build | Farm |
| 19:45 | Create | Villager (Male) |
| 19:46 | Create | Villager (Male) ×5 |
| 19:52 | Build | Farm |
| 19:56 | Build | Town Center |
| 20:05 | Create | Villager (Male) |
| 20:10 | Create | Villager (Male) |
| 20:10 | Create | Villager (Male) |
| 20:16 | Build | Farm |
| 20:40 | Build | Castle |
| 20:45 | Build | Farm |
| 20:47 | Create | Villager (Male) |
| 20:58 | Create | Villager (Male) ×3 |
| 21:05 | Build | Farm |
| 21:24 | Create | Villager (Male) |
| 21:28 | Create | Villager (Male) |
| 21:33 | Build | Farm |
| 21:36 | Create | Villager (Male) |
| 21:47 | Create | Villager (Male) |
| 21:50 | Create | Villager (Male) |
| 21:54 | Build | Farm |
| 22:13 | Research | Gold Mining |
| 22:21 | Build | Farm |
| 22:26 | Build | Farm |
| 22:29 | Create | Villager (Male) |
| 22:48 | Create | Villager (Male) |
| 22:50 | Create | Villager (Male) |
| 22:50 | Create | Villager (Male) |
| 22:54 | Build | Farm |
| 23:00 | Build | House |
| 23:02 | Build | House |
| 23:03 | Build | House |
| 23:04 | Build | House |
| 23:07 | Build | House |
| 23:14 | Create | Longbowman |
| 23:14 | Create | Longbowman |
| 23:14 | Create | Longbowman |
| 23:15 | Create | Longbowman |
| 23:16 | Create | Longbowman |
| 23:21 | Build | Farm |
| 23:23 | Create | Villager (Male) |
| 23:25 | Create | Villager (Male) |
| 23:27 | Create | Villager (Male) |
| 23:28 | Create | Villager (Male) |
| 23:31 | Create | Villager (Male) |
| 23:39 | Create | Villager (Male) |
| 23:45 | Build | Farm |
| 23:51 | Create | Villager (Male) |
| 23:52 | Create | Villager (Male) |
| 23:59 | Create | Villager (Male) |
| 24:08 | Build | Farm |
| 24:11 | Build | Farm |
| 24:14 | Create | Villager (Male) |
| 24:17 | Create | Villager (Male) |
| 24:19 | Create | Villager (Male) |
| 24:27 | Build | Farm |
| 24:34 | Build | Farm |
| 24:40 | Create | Villager (Male) |
| 24:46 | Create | Villager (Male) |
| 24:47 | Create | Villager (Male) |
| 24:47 | Create | Villager (Male) |
| 24:52 | Build | Farm |
| 24:55 | Create | Villager (Male) |
| 25:00 | Build | Farm |
| 25:01 | Create | Villager (Male) |
| 25:22 | Build | Farm |
| 25:35 | Build | House |
| 25:38 | Build | House |
| 25:40 | Build | House |
| 25:46 | Build | Farm |
| 25:47 | Build | Farm |
| 25:50 | Create | Villager (Male) |
| 25:50 | Create | Villager (Male) |
| 25:51 | Create | Villager (Male) |
| 25:51 | Create | Villager (Male) |
| 25:54 | Create | Villager (Male) |
| 25:57 | Create | Villager (Male) |
| 26:01 | Create | Villager (Male) |
Build order — OUASO
First 150 of 352 actions detected
| 0:04 | Build | House |
| 0:06 | Build | House |
| 0:06 | Create | Villager (Male) |
| 0:06 | Create | Villager (Male) |
| 0:07 | Create | Villager (Male) |
| 0:07 | Create | Villager (Male) |
| 1:52 | Build | Lumber Camp |
| 1:54 | Create | Villager (Male) |
| 2:21 | Create | Villager (Male) |
| 2:47 | Create | Villager (Male) |
| 3:07 | Create | Villager (Male) |
| 3:17 | Build | House |
| 3:25 | Create | Villager (Male) |
| 4:08 | Create | Villager (Male) |
| 4:12 | Build | Mill |
| 4:23 | Create | Villager (Male) |
| 5:02 | Create | Villager (Male) |
| 5:35 | Create | Villager (Male) |
| 5:40 | Build | House |
| 6:03 | Create | Villager (Male) |
| 6:33 | Build | Lumber Camp |
| 6:59 | Create | Villager (Male) |
| 6:59 | Create | Villager (Male) |
| 7:55 | Research | Feudal Age |
| 8:39 | Create | Villager (Male) |
| 9:15 | Create | Villager (Male) |
| 10:05 | Age | Feudal Age |
| 10:22 | Build | Farm |
| 10:25 | Build | Farm |
| 10:27 | Build | Farm |
| 10:31 | Build | Farm |
| 10:34 | Build | Mining Camp |
| 10:35 | Create | Villager (Male) |
| 11:00 | Create | Villager (Male) |
| 11:17 | Build | Farm |
| 11:24 | Build | Farm |
| 11:36 | Create | Villager (Male) |
| 11:56 | Build | Blacksmith |
| 11:58 | Create | Villager (Male) |
| 12:20 | Build | House |
| 12:32 | Create | Villager (Male) |
| 12:56 | Build | House |
| 13:27 | Build | Market |
| 13:31 | Create | Villager (Male) |
| 14:06 | Research | Castle Age |
| 14:29 | Create | Villager (Male) |
| 14:56 | Research | Double-Bit Axe |
| 15:06 | Build | Farm |
| 15:09 | Build | Farm |
| 15:11 | Build | Farm |
| 15:53 | Create | Villager (Male) |
| 16:46 | Age | Castle Age |
| 16:51 | Build | Town Center |
| 16:57 | Build | Town Center |
| 17:02 | Create | Villager (Male) |
| 17:08 | Build | Farm |
| 17:11 | Build | Farm |
| 17:22 | Research | Wheelbarrow |
| 17:34 | Research | Bow Saw |
| 17:53 | Create | Villager (Male) |
| 18:04 | Create | Villager (Male) |
| 18:12 | Build | Farm |
| 18:13 | Build | Farm |
| 18:16 | Build | Farm |
| 18:19 | Build | Farm |
| 18:21 | Build | Farm |
| 18:24 | Create | Villager (Male) |
| 18:44 | Build | Farm |
| 18:46 | Create | Villager (Male) |
| 18:58 | Build | Farm |
| 19:02 | Create | Villager (Male) |
| 19:12 | Build | House |
| 19:14 | Build | House |
| 19:16 | Build | House |
| 19:19 | Create | Villager (Male) |
| 19:20 | Create | Villager (Male) |
| 19:43 | Create | Villager (Male) |
| 19:44 | Create | Villager (Male) |
| 19:50 | Build | Farm |
| 19:52 | Build | Farm |
| 19:59 | Create | Villager (Male) |
| 20:06 | Create | Villager (Male) |
| 20:21 | Build | Barracks |
| 20:24 | Build | Mining Camp |
| 20:28 | Create | Villager (Male) |
| 20:29 | Create | Villager (Male) |
| 20:30 | Create | Villager (Male) |
| 20:41 | Create | Villager (Male) |
| 20:44 | Build | Farm |
| 20:49 | Create | Villager (Male) |
| 20:55 | Create | Villager (Male) |
| 21:10 | Create | Villager (Male) |
| 21:14 | Create | Villager (Male) |
| 21:28 | Build | Town Center |
| 21:34 | Build | Farm |
| 21:38 | Build | Farm |
| 21:41 | Create | Villager (Male) |
| 21:43 | Create | Villager (Male) |
| 21:44 | Create | Villager (Male) |
| 21:57 | Research | Stone Mining |
| 22:05 | Build | Farm |
| 22:10 | Build | Farm |
| 22:15 | Build | Farm |
| 22:16 | Research | Horse Collar |
| 22:18 | Create | Villager (Male) |
| 22:19 | Create | Villager (Male) |
| 22:25 | Build | Farm |
| 22:33 | Build | Farm |
| 22:38 | Build | Farm |
| 22:41 | Create | Villager (Male) |
| 22:42 | Create | Villager (Male) |
| 22:43 | Create | Villager (Male) |
| 22:54 | Create | Villager (Male) |
| 22:55 | Create | Villager (Male) |
| 23:04 | Research | Forging |
| 23:04 | Research | Scale Mail Armor |
| 23:26 | Create | Villager (Male) |
| 23:27 | Create | Villager (Male) |
| 23:29 | Create | Villager (Male) |
| 23:30 | Create | Villager (Male) |
| 23:36 | Research | Heavy Plow |
| 23:46 | Create | Villager (Male) |
| 23:47 | Create | Villager (Male) |
| 23:57 | Build | Farm |
| 23:59 | Build | Farm |
| 24:01 | Build | Farm |
| 24:11 | Build | House |
| 24:15 | Build | House |
| 24:16 | Build | House |
| 24:21 | Build | House |
| 24:23 | Create | Villager (Male) |
| 24:24 | Create | Villager (Male) |
| 24:25 | Create | Villager (Male) |
| 24:26 | Create | Villager (Male) |
| 24:48 | Research | Hand Cart |
| 24:51 | Create | Villager (Male) |
| 24:58 | Create | Villager (Male) |
| 24:59 | Create | Villager (Male) |
| 25:07 | Build | Farm |
| 25:09 | Build | Farm |
| 25:14 | Build | Farm |
| 25:15 | Build | Farm |
| 25:16 | Build | Farm |
| 25:18 | Build | Farm |
| 25:20 | Create | Villager (Male) |
| 25:21 | Create | Villager (Male) |
| 25:23 | Create | Villager (Male) |
| 25:23 | Create | Villager (Male) |
| 25:27 | Build | House |
| 25:28 | Build | House |
Match timeline
| 9:52 | CryiingBB · age_up feudal |
| 10:05 | OUASO · age_up feudal |
| 10:47 | QuickCast · first_building Barracks |
| 11:12 | Cwark San · first_building Barracks |
| 11:13 | Cwark San · age_up feudal |
| 11:15 | QuickCast · age_up feudal |
| 12:33 | Ebrio · age_up feudal |
| 13:16 | CryiingBB · first_building Barracks |
| 13:29 | Bestia del Congo · age_up feudal |
| 14:50 | QuickCast · first_building Archery Range |
| 16:14 | Ebrio · age_up castle |
| 16:37 | CryiingBB · first_building Archery Range |
| 16:46 | OUASO · age_up castle |
| 17:05 | Bestia del Congo · age_up castle |
| 18:12 | QuickCast · age_up castle |
| 19:46 | Cwark San · age_up castle |
| 20:21 | OUASO · first_building Barracks |
| 20:25 | CryiingBB · age_up castle |
| 20:40 | Bestia del Congo · first_building Castle |
| 21:29 | CryiingBB · first_building Monastery |
| 22:33 | Cwark San · first_building Siege Workshop |
| 22:51 | CryiingBB · first_building Siege Workshop |
| 23:10 | QuickCast · first_building Monastery |
| 25:26 | Ebrio · first_building Monastery |
| 25:41 | Cwark San · first_building Castle |
| 26:13 | CryiingBB · first_building Castle |
| 26:58 | OUASO · first_building Castle |
| 27:41 | Cwark San · first_building Monastery |
| 27:54 | Ebrio · first_building Barracks |
| 28:40 | Ebrio · first_building Stable |
| 28:52 | OUASO · first_market_sell 100 food |
| 29:02 | Ebrio · age_up imperial |
| 29:40 | QuickCast · first_building Castle |
| 30:49 | Bestia del Congo · first_building Barracks |
| 31:20 | Ebrio · first_building Castle |
| 31:59 | Bestia del Congo · age_up imperial |
| 32:09 | OUASO · age_up imperial |
| 32:56 | Cwark San · age_up imperial |
| 34:11 | Ebrio · first_building Archery Range |
| 34:23 | QuickCast · age_up imperial |
| 36:10 | CryiingBB · age_up imperial |
| 37:51 | OUASO · first_building Archery Range |
| 40:25 | QuickCast · resign |
| 40:30 | OUASO · first_building Siege Workshop |
[ AI ANALYSIS · 1 CREDIT ]
What really happened in this match?
Wolo.gg analyzes every decision: build order, eco, micro, common mistakes by bracket. Personalized analysis on WhatsApp or Discord in 30 seconds.
Civ guide
Persians
Map guide
Arena
Perfil
Ebrio